 Dungeon Crawl Stone Soup version 0.25-a0-1133-g93ebf739aa (webtiles) character file.

Game seed: 17188838963689123982, levelgen mode: deterministic

47282 Harbin the Cleaver (level 14, -1/115 HPs)
             Began as a Formicid Fighter on May 12, 2020.
             Was the Champion of Qazlal.
             Slain by an azure jelly (2 damage)
             ... on level 1 of the Pits of Slime on May 21, 2020.
             The game lasted 02:40:37 (22257 turns).

Harbin the Cleaver (Formicid Fighter)              Turns: 22257, Time: 02:40:38

Health: -1/115     AC: 21    Str: 25    XL:     14   Next: 80%
Magic:  0/17       EV: 11    Int:  9    God:    Qazlal [******]
Gold:   1351       SH: 21    Dex: 10    Spells: 13/13 levels left

rFire    . . .     SeeInvis +   u - +2 battleaxe (elec)
rCold    + + .     Gourm    .   c - +1 kite shield
rNeg     . . .     Faith    .   G - +3 plate armour {rC+}
rPois    .         Spirit   +   (helmet unavailable)
rElec    .         Reflect  .   s - +0 cloak
rCorr    +         Harm     .   A - +0 pair of gloves (curse)
MR       +....                  (no boots)
Stlth    ..........             l - amulet of guardian spirit (curse)
HPRegen  0.29/turn              r - ring of stealth
MPRegen  0.15/turn              H - ring of resist corrosion

@: protected from cold, repel missiles
A: permanent stasis, dig shafts and tunnels, four strong arms, antennae 3, low
mp 1
a: Dig, Shaft Self, Upheaval, Elemental Force, Disaster Area, Renounce Religion


You were on level 1 of the Pits of Slime.
You worshipped Qazlal.
Qazlal was exalted by your worship.
You were near starving.

You visited 5 branches of the dungeon, and saw 21 of its levels.

You collected 1981 gold pieces.
You spent 630 gold pieces at shops.

Inventory:

Hand Weapons
 u - a +2 battleaxe of electrocution (weapon)
 D - a +6 trident
 I - a +4 dire flail
Missiles
 i - 4 throwing nets
 x - 13 javelins (quivered)
Armour
 c - a +1 kite shield (worn)
 p - a +0 plate armour
 s - a +0 cloak (worn)
 v - the +2 ring mail of Exclusion {rElec}
   (You found it on level 11 of the Dungeon)

   It insulates you from electricity.
 y - a +4 scale mail
 A - a cursed +0 pair of gloves (worn)
 B - a +0 scale mail of poison resistance
 G - a +3 plate armour of cold resistance (worn)
 N - a +0 troll leather armour
Jewellery
 h - an uncursed amulet of reflection
 l - a cursed amulet of guardian spirit (around neck)
 r - a ring of stealth (left hand)
 H - a ring of resist corrosion (right hand)
Wands
 a - a wand of clouds (6)
 b - a wand of iceblast (23)
 g - a wand of polymorph (2)
 m - a wand of acid (26)
 q - a wand of paralysis (7)
 w - a wand of random effects (9)
 z - a wand of enslavement (5)
 L - a wand of digging (6)
Scrolls
 d - 3 scrolls of magic mapping
 e - 3 scrolls of amnesia
 j - 13 scrolls of identify
 k - 12 scrolls of remove curse
 o - a scroll of immolation
 t - 3 scrolls of fog
 E - a scroll of enchant weapon
 F - a scroll of acquirement
 K - a scroll of holy word
 O - a scroll of enchant armour
Potions
 n - 2 potions of flight
 C - a potion of degeneration
 J - 5 potions of curing
 M - a potion of berserk rage {unknown}
Comestibles
 f - 26 rations


   Skills:
 + Level 12.3 Fighting
 + Level 12.8 Axes
 + Level 12.2 Armour
 + Level 10.1 Dodging
 - Level 10.0 Shields
 + Level 7.3 Invocations


You had 13 spell levels left.
You didn't know any spells.
Your spell library contained the following spells:

 Spells                   Type           Power        Failure   Level  Hunger
 Animate Skeleton         Necr           N/A          98%         1    ##.....
 Magic Dart               Conj           #...         98%         1    ##.....
 Pain                     Necr           #...         98%         1    ##.....
 Call Imp                 Summ           #.......     99%         2    ###....
 Ensorcelled Hibernation  Hex/Ice        #.....       99%         2    ###....
 Passwall                 Tmut/Erth      #.......     99%         2    ###....
 Slow                     Hex            #.......     99%         2    ###....
 Confusing Touch          Hex            #.......     100%        3    ####...
 Conjure Flame            Conj/Fire      #.......     100%        3    ####...
 Gell's Gravitas          Tloc           #.........   100%        3    ####...
 Mephitic Cloud           Conj/Pois/Air  #.......     100%        3    ####...
 Vampiric Draining        Necr           #.........   100%        3    ####...
 Animate Dead             Necr           N/A          100%        4    #####..
 Ice Form                 Ice/Tmut       #.......     100%        4    #####..
 Passage of Golubria      Tloc           N/A          100%        4    #####..
 Petrify                  Tmut/Erth      #.......     100%        4    #####..
 Agony                    Necr           #.......     100%        5    ######.
 Borgnjor's Vile Clutch   Necr/Erth      #.........   100%        5    ######.
 Lee's Rapid Deconstruct  Erth           #.........   100%        5    ######.
 Metabolic Englaciation   Hex/Ice        #.........   100%        5    ######.
 Silence                  Hex/Air        #.........   100%        5    ######.
 Yara's Violent Unravell  Hex/Tmut       #.........   100%        5    ######.
 Darkness                 Hex            #.........   100%        6    #######
 Freezing Cloud           Conj/Ice/Air   #.........   100%        6    #######
 Invisibility             Hex            #.......     100%        6    #######
 Ozocubu's Refrigeration  Ice            #.........   100%        6    #######
 Shadow Creatures         Summ           N/A          100%        6    #######
 Simulacrum               Ice/Necr       #.........   100%        6    #######
 Blink                    Tloc           Unusable     N/A         2    N/A
 Swiftness                Chrm/Air       Unusable     N/A         2    N/A

Dungeon Overview and Level Annotations

Branches:
Dungeon (12/15)            Temple (1/1) D:6            Lair (5/6) D:11
 Shoals (0/4) Lair:3       Spider (0/4) Lair:2        Slime (1/5) Lair:5
    Orc (2/2) D:11            Elf (0/3) Orc:2

Altars:
Ashenzari
Elyvilon
Nemelex Xobeh
Okawaru
Qazlal
Sif Muna
Trog
Vehumet
Xom
Yredelemnul
Zin
Beogh

Shops:
D:10 *   D:11 (   Orc:2 ![:*

Annotations:
Lair:1 3 runed translucent doors, Shaidar's ghost, novice GnFi


Innate Abilities, Weirdness & Mutations

You cannot be hasted, slowed, berserked, paralysed or teleported.
You can dig through walls and to a lower floor.
Your four strong arms can wield two-handed weapons with a shield.
You have a pair of large antennae on your head. (SInv)
Your magical capacity is low. (-10% MP)


Message History

The acid blob spits acid at you.
The splash of acid is repelled.
The azure jelly is engulfed in blazing flames.
The azure jelly is engulfed in blazing flames.
You block the azure jelly's attack. x3; The azure jelly barely misses you.
You are splashed with acid.
You resist.
* * * LOW HITPOINT WARNING * * *
You are splashed with acid.
You resist.
* * * LOW HITPOINT WARNING * * *
You are splashed with acid.
You resist.
* * * LOW HITPOINT WARNING * * *
The acid blob spits acid at you.
The splash of acid hits you but does no damage.
You are splashed with acid.
You resist.
* * * LOW HITPOINT WARNING * * *
You are splashed with acid.
You resist.
* * * LOW HITPOINT WARNING * * *
The azure jelly is engulfed in blazing flames.
The azure jelly hits you.
You die...

#.... #...# #...## ##
##....##.#
##.........
#..........
#########....<.....
##.##.##.........#..
#..@○...............
##.J#..........>>....
#.☼...J..............
##.°.○..............#
###..○..............
#.................#
#...#.#............#
##..............#.##
##............####


You could see an acid blob and an azure jelly.

Vanquished Creatures
  An acid blob (Slime:1)
  An azure jelly (Slime:1)
  Erolcha (Orc:2)
  Fannar (Lair:1)
  3 hydras
  4 two-headed ogres
  A tengu warrior (D:10)
  Urug (Lair:3)
  Sonja (D:11)
  Pikel (D:5)
  2 oklob plants (Lair:4)
  A manticore (Lair:3)
  6 orc knights
  An orc sorcerer (Orc:2)
  A shining eye (Slime:1)
  2 cyclopes
  11 elephants
  3 black mambas
  A centaur zombie (D:11)
  2 gargoyles
  7 spiny frogs
  3 komodo dragons
  A rime drake (Lair:2)
  3 trolls
  2 polar bears
  Grinder (D:3)
  14 blink frogs
  9 hippogriffs
  3 slime creatures (D:12)
  5 dream sheep (Lair:4)
  3 wyverns
  3 basilisks
  A hungry ghost (D:11)
  23 yaks
  3 vampire mosquitoes (D:11)
  7 wargs
  An acid dragon (D:12)
  5 water moccasins
  7 porcupines
  2 sky beasts (D:10)
  2 slaves (D:5)
  31 orc warriors
  An eye of draining (Slime:1)
  4 ice beasts
  9 ogres
  3 phantoms
  6 centaurs (D:11)
  A big kobold (D:8)
  7 crocodiles
  5 bullfrogs
  A scorpion (D:6)
  12 killer bees
  2 electric eels (Lair:2)
  2 crimson imps
  A bullfrog zombie (D:5)
  A quasit (D:7)
  11 orc priests
  A bullfrog skeleton (D:5)
  A hound (D:12)
  3 jellies
  Crazy Yiuf (D:5)
  A centaur skeleton (D:12)
  A gnoll shaman (D:10)
  Jessica (D:3)
  7 hell rats (Lair:1)
  13 orc wizards
  8 worker ants
  5 gnolls (D:10)
  19 river rats (Lair:1)
  9 adders
  3 shadow imps
  6 oozes
  An adder skeleton (D:7)
  2 worms (D:2)
  2 dart slugs (D:1)
  6 leopard geckos
  62 orcs
  A ball python (D:4)
  2 giant cockroaches
  4 goblins
  5 hobgoblins
  8 jackals
  9 quokkas
  5 bats
  2 frilled lizards
  12 kobolds
  2 quokka skeletons
  20 rats
  A fungus (Lair:5)
  6 plants
476 creatures vanquished.

Vanquished Creatures (others)
  A centaur (D:9)
  An orc (D:8)
  A kobold (D:3)
  4 fungi
  5 plants
12 creatures vanquished.

Grand Total: 488 creatures vanquished

Notes
Turn   | Place    | Note
-------+----------+-------------------------------------------
     0 | D:1      | Harbin the Formicid Fighter began the quest for the Orb.
     0 | D:1      | Reached XP level 1. HP: 18/18 MP: 1/1
   300 | D:1      | Reached XP level 2. HP: 21/24 MP: 2/2
   536 | D:1      | You fall into a shaft and drop 1 floor!
   743 | D:1      | Reached XP level 3. HP: 18/29 MP: 3/3
  1294 | D:2      | HP: 1/29 [poisoned by an adder]
  1875 | D:2      | Reached XP level 4. HP: 20/35 MP: 4/4
  2622 | D:3      | Noticed Grinder
  2739 | D:3      | Killed Grinder
  2739 | D:3      | Reached XP level 5. HP: 6/41 MP: 5/5
  2739 | D:3      | Reached XP level 6. HP: 6/47 MP: 6/6
  3118 | D:3      | Noticed Jessica
  3122 | D:3      | Killed Jessica
  3172 | D:3      | Found a glowing silver altar of Zin.
  3915 | D:4      | Reached XP level 7. HP: 45/52 MP: 7/7
  4369 | D:5      | Entered Level 5 of the Dungeon
  4430 | D:5      | Noticed Pikel
  4461 | D:5      | HP: 2/52 [slave[Pikel] (7)]
  4504 | D:5      | You fall into a shaft and drop 3 floors!
  4785 | D:7      | Reached XP level 8. HP: 58/58 MP: 8/8
  5029 | D:6      | You fall into a shaft and drop 3 floors!
  5029 | D:9      | Noticed a yak
  5030 | D:9      | Noticed a two-headed ogre
  5229 | D:8      | You fall into a shaft and drop 2 floors!
  5229 | D:10     | Entered Level 10 of the Dungeon
  5512 | D:9      | Noticed a yak
  5513 | D:9      | Noticed a yak
  5616 | D:6      | Found a staircase to the Ecumenical Temple.
  5624 | Temple   | Entered the Ecumenical Temple
  5660 | Temple   | Became a worshipper of Qazlal Stormbringer
  5828 | D:6      | Found an iron altar of Okawaru.
  6236 | D:5      | Reached skill level 1 in Dodging
  6416 | D:5      | Killed Pikel
  6416 | D:5      | Reached skill level 10 in Axes
  6416 | D:5      | Reached skill level 5 in Shields
  6416 | D:5      | Reached XP level 9. HP: 37/66 MP: 9/9
  6685 | D:5      | Found a sparkling altar of Nemelex Xobeh.
  6706 | D:5      | Found a runed translucent door.
  6707 | D:5      | Noticed Crazy Yiuf
  6719 | D:5      | Killed Crazy Yiuf
  7071 | D:7      | You fall into a shaft and drop 3 floors!
  7408 | D:8      | Reached skill level 5 in Armour
  7424 | D:8      | Reached skill level 5 in Fighting
  7847 | D:9      | Reached XP level 10. HP: 16/76 MP: 10/10
  8256 | D:9      | Killed a two-headed ogre
  8256 | D:9      | Reached * piety under Qazlal
  8607 | D:9      | Noticed a two-headed ogre
  8615 | D:9      | Killed a two-headed ogre
  8950 | D:10     | Reached skill level 5 in Dodging
  9245 | D:10     | Found Keyt's General Store.
  9245 | D:10     | Noticed a gargoyle
  9259 | D:10     | Killed a gargoyle
  9285 | D:10     | Noticed a tengu warrior
  9294 | D:10     | You fall into a shaft and drop 1 floor!
  9740 | D:11     | Found Aqohant's Weapon Emporium.
  9831 | D:10     | Killed a tengu warrior
  9831 | D:10     | Reached XP level 11. HP: 37/84 MP: 7/11
 10992 | D:11     | Noticed a two-headed ogre
 11071 | D:11     | Killed a two-headed ogre
 11171 | D:11     | Found a staircase to the Orcish Mines.
 11187 | D:11     | Reached ** piety under Qazlal
 11440 | D:11     | Noticed a cyclops
 11469 | D:11     | Killed a cyclops
 11696 | D:11     | Noticed Sonja
 11723 | D:11     | Killed Sonja
 12144 | D:11     | Got a bronze ring mail
 12155 | D:11     | Identified the +2 ring mail of Exclusion {rElec} (You found
                  | it on level 11 of the Dungeon)
 12256 | D:11     | Noticed an eight-headed hydra
 12271 | D:11     | Killed a ten-headed hydra
 12271 | D:11     | Reached skill level 10 in Shields
 12271 | D:11     | Reached XP level 12. HP: 58/95 MP: 5/12
 12453 | D:11     | Found a staircase to the Lair.
 14171 | Lair:1   | Entered Level 1 of the Lair of Beasts
 14583 | Lair:1   | Found a runed translucent gate.
 14583 | Lair:1   | Found a runed translucent gate.
 14584 | Lair:1   | Found a runed translucent gate.
 14584 | Lair:1   | Noticed a 12-headed hydra
 14584 | Lair:1   | Noticed an 11-headed hydra
 14585 | Lair:1   | Noticed Shaidar's ghost (novice GnFi)
 14691 | Lair:1   | Reached *** piety under Qazlal
 14984 | Lair:1   | Noticed Fannar
 15015 | Lair:1   | Killed Fannar
 15397 | Lair:1   | Identified a scroll of acquirement
 15397 | Lair:1   | Identified the ring "Ziakoghiu" {rPois rC+} (You acquired
                  | it on level 1 of the Lair of Beasts)
 15418 | Lair:1   | Reached skill level 10 in Armour
 15448 | Lair:1   | Reached skill level 10 in Fighting
 15803 | Orc:1    | Entered Level 1 of the Orcish Mines
 15808 | Orc:1    | Found a roughly hewn altar of Beogh.
 15923 | Orc:1    | Reached **** piety under Qazlal
 16457 | Orc:2    | Entered Level 2 of the Orcish Mines
 16461 | Orc:2    | Found a staircase to the Elven Halls.
 16509 | Orc:2    | Noticed Erolcha
 16529 | Orc:2    | Reached XP level 13. HP: 102/104 MP: 13/13
 16532 | Orc:2    | Killed Erolcha
 16598 | Orc:1    | HP: 5/104 [poisoned by an orc warrior]
 16599 | Orc:1    | Reached skill level 1 in Invocations
 16603 | Orc:1    | HP: 4/104 [poisoned by an orc warrior]
 16608 | Orc:1    | HP: 3/104 [poisoned by an orc warrior]
 16615 | Orc:1    | HP: 3/104 [poisoned by an orc warrior]
 16623 | Orc:1    | HP: 3/104 [poisoned by an orc warrior]
 17238 | Orc:2    | Found Evya's Distillery.
 17238 | Orc:2    | Found Zecsoat's Armour Shop.
 17243 | Orc:2    | Bought a potion of curing for 42 gold pieces
 17243 | Orc:2    | Bought a potion of curing for 42 gold pieces
 17243 | Orc:2    | Bought a potion of curing for 42 gold pieces
 17243 | Orc:2    | Bought a potion of heal wounds for 70 gold pieces
 17296 | Orc:2    | Reached ***** piety under Qazlal
 17378 | Orc:2    | Found a roughly hewn altar of Beogh.
 17734 | Orc:2    | Found Raghoywnu's Book Emporium.
 17734 | Orc:2    | Found Vawolig's General Store.
 17755 | Orc:2    | Bought a scroll of immolation for 49 gold pieces
 17755 | Orc:2    | Bought a scroll of holy word for 105 gold pieces
 17755 | Orc:2    | Bought a wand of digging (6) for 280 gold pieces
 17868 | Orc:2    | Found a radiant altar of Vehumet.
 17966 | Orc:2    | Found a roughly hewn altar of Beogh.
 18585 | Lair:2   | Found a hole to the Spider Nest.
 19380 | Lair:3   | Noticed Urug
 19406 | Lair:3   | Killed Urug
 19437 | Lair:3   | Reached skill level 5 in Invocations
 19442 | Lair:3   | Reached XP level 14. HP: 66/113 MP: 12/17
 19522 | Lair:3   | Found a staircase to the Shoals.
 20032 | Lair:3   | Upgraded the game from 0.25-a0-1015-g4819203062 to
                  | 0.25-a0-1133-g93ebf739aa
 21443 | Lair:5   | Reached ****** piety under Qazlal
 21636 | Lair:5   | Found a staircase to the Slime Pits.
 21843 | Lair:5   | Reached skill level 10 in Dodging
 22206 | Slime:1  | Entered Level 1 of the Pits of Slime
 22210 | Slime:1  | Noticed an acid blob
 22212 | Slime:1  | Gained mutation: Your magical capacity is low. (-10% MP) [a
                  | shining eye]
 22216 | Slime:1  | Noticed an azure jelly
 22220 | Slime:1  | Killed an acid blob
 22238 | Slime:1  | Killed an azure jelly
 22244 | Slime:1  | Noticed an azure jelly
 22249 | Slime:1  | Noticed an acid blob
 22257 | Slime:1  | HP: 1/115 [acid (6)]
 22257 | Slime:1  | Slain by an azure jelly

Illustrated notes

Levels and vault maps discovered:
D:1:      scummos_arrival_hexagon, layout_basic
D:2:      layout_basic
D:3:      layout_basic, zin_scriptorium, uniq_grinder, uniq_jessica
D:4:      layout_rooms, first_ration
D:5:      layout_cave_pools, kennysheep_mini_moat, grunt_ministairs_13,
          uniq_crazy_yiuf_cottage, uniq_pikel
D:6:      layout_gridville, minmay_temple_entry_gardened_gates,
          okawaru_gym_becter
D:7:      layout_rooms, minitemple, lemuel_zombie_altar_kikubaaqudgha
D:8:      layout_rooms
D:9:      layout_rooms
D:10:     layout_loops_cross, serial_shops, nicolae_shop_behind_doors,
          grunt_tengu_nest
D:11:     layout_grid_maze, lair_entry_dummy, orc_0_dummy, serial_shops,
          nicolae_shop_crystal, uniq_sonja
D:12:     layout_roguey
Temple:   regret_index_temple_waves
Lair:1:   lemuel_ratsnest, layout_regular_city, gammafunk_ghost_hydra_chop,
          grunt_megastairs_5, uniq_fannar
Lair:2:   statuecave_lemuel, layout_loops_ring, dummy_spider_entry,
          chequers_serial_rivers_micro_c
Lair:3:   layout_cave_shapes, minmay_shoals_entry_beasts, lemuel_fruit_tree,
          uniq_urug
Lair:4:   dpeg_oklob_gauntlet, layout_regular_city
Lair:5:   beast_lair_carwin_large_2, layout_gridlike,
          nicolae_slime_entry_slimehenge, grunt_megastairs_3
Slime:1:  layout_caves
Orc:1:    layout_caves, basic_altar
Orc:2:    st_orc_town, layout_diamond_mine, basic_altar, lemuel_statue_altar,
          uniq_erolcha

Skill      XL: |  1  2  3  4  5  6  7  8  9 10 11 12 13 14 |
---------------+-------------------------------------------+-----
Axes           | 3 4 6 8 10 11 12 | 12.8
Shields        | 5 6 8 10 | 10.0
Dodging        | 2 3 5 6 8 9 10 | 10.1
Fighting       | 4 5 7 9 10 11 12 | 12.3
Armour         | 4 5 7 9 10 11 12 | 12.2
Invocations    | 5 7 |  7.3

Action                   |  1- 3 |  4- 6 |  7- 9 | 10-12 | 13-15 || total
-------------------------+-------+-------+-------+-------+-------++-------
Melee: War axe           |    89 |    86 |   330 |   511 |       ||  1016
       Glaive            |       |       |       |   120 |       ||   120
       Battleaxe         |       |       |       |    80 |   435 ||   515
Throw: Javelin           |       |       |     8 |    44 |    11 ||    63
 Abil: Shaft Self        |       |       |     2 |     1 |       ||     3
       Dig               |       |       |       |     1 |       ||     1
Evoke: Wand              |       |       |       |    26 |     5 ||    31
  Use: Scroll            |     6 |     4 |     8 |     4 |     3 ||    25
       Potion            |     3 |     2 |     3 |     3 |     4 ||    15
  Eat: Chunk             |     3 |     5 |     8 |    22 |    14 ||    52
       Ration            |       |       |     2 |     2 |     1 ||     5
Armor: Scale mail        |    28 |    26 |    91 |   171 |     4 ||   320
       Skin              |       |       |       |     2 |       ||     2
       Plate armour      |       |       |       |       |   143 ||   143
Dodge: Dodged            |    23 |    17 |    75 |   267 |   114 ||   496
       Repelled          |       |       |       |       |     6 ||     6
Block: Kite shield       |    46 |    57 |   225 |   598 |   414 ||  1340
       Reflection        |     3 |     2 |    13 |     1 |       ||    19

Table legend:
 A = Non-vault XP
 B = Vault XP
 C = Vault XP percentage of total XP
 D = Non-vault monster count
 E = Vault monster count
 F = Vault count percentage of total count
                 A         B        C        D         E       F
            +---------+---------+-------+---------+---------+-------
      Total |   45457 |   22090 |  32.7 |     329 |     141 |  30.0
            +---------+---------+-------+---------+---------+-------
        D:1 |      19 |       0 |   0.0 |      11 |       0 |   0.0
        D:2 |      64 |       0 |   0.0 |      18 |       0 |   0.0
        D:3 |     116 |     309 |  72.7 |      17 |       2 |  10.5
        D:4 |     423 |       0 |   0.0 |      16 |       0 |   0.0
        D:5 |      78 |     748 |  90.6 |       7 |       4 |  36.4
        D:6 |     404 |       0 |   0.0 |      10 |       0 |   0.0
        D:7 |     198 |       0 |   0.0 |       8 |       0 |   0.0
        D:8 |     799 |       0 |   0.0 |      25 |       0 |   0.0
        D:9 |    2817 |       0 |   0.0 |      11 |       0 |   0.0
       D:10 |    3461 |     868 |  20.1 |      37 |       1 |   2.6
       D:11 |    6061 |     820 |  11.9 |      33 |       1 |   2.9
       D:12 |    1409 |       0 |   0.0 |      12 |       0 |   0.0
     Lair:1 |    1827 |    2937 |  61.6 |       6 |      50 |  89.3
     Lair:2 |    3293 |       0 |   0.0 |      15 |       0 |   0.0
     Lair:3 |    4485 |    1651 |  26.9 |      19 |       3 |  13.6
     Lair:4 |    8228 |    1160 |  12.4 |      25 |       2 |   7.4
     Lair:5 |    2137 |    4539 |  68.0 |      10 |      16 |  61.5
    Slime:1 |    4928 |       0 |   0.0 |       4 |       0 |   0.0
      Orc:1 |    1732 |     621 |  26.4 |      28 |       1 |   3.4
      Orc:2 |    2978 |    8437 |  73.9 |      17 |      61 |  78.2
            +---------+---------+-------+---------+---------+-------
